 Dungeon Crawl Stone Soup version 0.31.0-32-g396128a36d (webtiles) character file.

Game seed: 1746712474566064672

72 chippings the Ducker (level 4, -4/33 HPs)
             Began as a Draconian Wanderer on Apr 4, 2024.
             Was a High Priest of Ignis.
             Killed from afar by a white imp (11 damage)
             ... with a puff of frost
             ... on level 3 of the Dungeon.
             The game lasted 00:05:35 (2303 turns).

chippings the Ducker (Draconian Wanderer)           Turns: 2303, Time: 00:05:36

Health: -4/33      AC:  8    Str: 13    XL:     4   Next: 6%
Magic:  6/8        EV: 13    Int: 13    God:    Ignis [*****.]
Gold:   170        SH:  0    Dex: 13    Spells: 5/8 levels left

rFire   + . .        a - +0 dagger
rCold   . . .        g - orb {light}
rNeg    . . .        (body armour unavailable)
rPois   .            c - +2 hat
rElec   .            (no cloak)
rCorr   .            (no gloves)
SInv    .            j - +0 pair of boots
Will    .....        (no amulet)
Stlth   +            p - ring of flight
HPRegen 0.25/turn    (no ring)
MPRegen 0.11/turn

%: no passive effects
@: flying, glowing
A: AC +5, unfitting armour, cold-blooded
a: Renounce Religion, Fiery Armour, Foxfire Swarm, Rising Flame


You were on level 3 of the Dungeon.
You worshipped Ignis.
Ignis was extremely pleased with you.
You visited 1 branch of the dungeon, and saw 4 of its levels.

You collected 170 gold pieces.

Inventory:

Hand Weapons
 a - a +0 dagger (weapon)
Missiles
 b - 13 poisoned darts (quivered)
Armour
 c - a +2 hat (worn)
 g - an orb of light (worn)
 j - a +0 pair of boots (worn)
 k - a +0 kite shield
Jewellery
 p - a ring of flight (left hand)
Wands
 q - a wand of polymorph (6)
Scrolls
 d - a scroll of fear
 h - a scroll of immolation {unknown}
 i - 2 scrolls of enchant armour {unknown}
 r - a scroll of amnesia {unknown}
Potions
 e - 3 potions of attraction {unknown}
 f - 2 potions of enlightenment {unknown}
 l - a potion of heal wounds {unknown}
 m - a potion of curing {unknown}
 n - 2 potions of lignification {unknown}
 o - a potion of mutation {unknown}
 s - a potion of might {unknown}


   Skills:
 - Level 2.0 Throwing
 - Level 4.0 Dodging
 + Level 2.7 Spellcasting
 + Level 1.0 Conjurations
 - Level 2.0 Summonings
 + Level 1.0 Air Magic
 - Level 1.0 Evocations


You had 5 spell levels left.
You knew the following spells:

 Your Spells              Type           Power      Damage    Failure   Level
a - Summon Small Mammal   Summ           24%        N/A       11%         1
b - Static Discharge      Conj/Air       8%         3-4/arc   24%         2

Your spell library contained the following spells:

 Spells                   Type           Power      Damage    Failure   Level
 Ensorcelled Hibernation  Hex/Ice        2%         N/A       34%         2
 Summon Ice Beast         Ice/Summ       4%         N/A       43%         3
 Swiftness                Air            4%         N/A       43%         3
 Fugue of the Fallen      Necr           1%         N/A       56%         3
 Gell's Gravitas          Tloc           1%         N/A       56%         3
 Passwall                 Erth           1%         N/A       56%         3
 Teleport Other           Tloc           1%         N/A       56%         3
 Summon Lightning Spire   Summ/Air       5%         N/A       77%         4
 Airstrike                Air            2%         2d(1-17)  83%         4
 Anguish                  Hex/Necr       0%         N/A       93%         4
 Dispersal                Tloc           0%         N/A       100%        6


Dungeon Overview and Level Annotations

Branches:
Dungeon (4/15)
 Temple: D:4-7

Altars:
Cheibriados
Nemelex Xobeh
Wu Jian
Ignis

Annotations:
D:4 Eustachio


Innate Abilities, Weirdness & Mutations

Your plain brown scales are hard. (AC +5)
You cannot fit into any form of body armour.
You are cold-blooded and may be slowed by cold attacks.


Message History

You barely miss the white imp. You tail-slap the white imp.
The white imp is almost dead.
Your bat barely misses the white imp.
Your bat hits the white imp but does no damage.
The white imp hits your bat. The white imp freezes your bat.
Your bat dies!
Your bat's corpse disappears in a puff of smoke!
The white imp shouts!
Casting: Summon Small Mammal (safe; 11% risk of failure)
Confirm with . or Enter, or press ? or * to list all spells.
The white imp completely misses you.
Casting: Summon Small Mammal (safe; 11% risk of failure)
Confirm with . or Enter, or press ? or * to list all spells.
You don't know that spell.
You hit the white imp but do no damage.
The white imp is almost dead.
The white imp misses you.
You hit the white imp but do no damage.
The white imp is almost dead.
The white imp hits you. The white imp freezes you.
You barely miss the white imp.
The white imp is almost dead.
The white imp gestures at you. The puff of frost hits you.
You hit the white imp but do no damage.
You tail-slap the white imp, but do no damage.
The white imp is almost dead.
The white imp hits you but does no damage.
You swap places.
The white imp barely misses your rat.
Your rat misses the white imp. The white imp gestures at you.
The puff of frost hits your rat!
Your rat dies!
Your rat's corpse disappears in a puff of smoke!
The white imp gestures at you. The puff of frost hits you.
* * * LOW HITPOINT WARNING * * *
The white imp gestures at you. The puff of frost hits you!
You die...

..#.~~~......#
#.####...#####
#..~≈≈≈~###### #.#
##.## #..~≈.~~_# #.#
#.# ##.~≈≈≈~## #.#
#.###### #..~~~## #.#
#.......
#.#.#.######## #.#
########
#.#..........# #.#
##.......####.######.#
........## #...@.>5.#
######.## ##########
###


You could see a white imp.

Vanquished Creatures
  An adder (D:3)
  A ribbon worm (D:3)
  A dart slug (D:1)
  2 orcs (D:3)
  5 endoplasms
  2 giant cockroaches
  A goblin (D:2)
  4 hobgoblins
  5 kobolds
  4 quokkas (D:1)
  A ball python (D:1)
  4 bats
  2 frilled lizards
  A rat (D:1)
34 creatures vanquished.

Vanquished Creatures (collateral kills)
  An adder (D:2)
  A dart slug (D:3)
  A bat (D:3)
  A kobold (D:2)
  A quokka (D:1)
  A frilled lizard (D:1)
6 creatures vanquished.

Grand Total: 40 creatures vanquished

Notes
Turn   | Place    | Note
-------+----------+-------------------------------------------
     0 | D:1      | chippings the Draconian Wanderer began the quest for the
                  | Orb.
     0 | D:1      | chippings set off with the following items: a +0 dagger, 13
                  | poisoned darts, a +2 hat, a scroll of fear; and the
                  | following spell memorised: Summon Small Mammal; and the
                  | following spells available to memorise: Summon Ice Beast.
     0 | D:1      | Reached XP level 1. HP: 14/14 MP: 3/3
   125 | D:1      | Found Ykirimixt's General Store.
   241 | D:1      | Reached XP level 2. HP: 18/20 MP: 3/5
   388 | D:1      | Found a faded altar of an unknown god.
   399 | D:1      | Prayed at the altar of an unknown god.
   399 | D:1      | Became a worshipper of Ignis, the Dying Flame
   969 | D:2      | Learned a level 2 spell: Static Discharge
  1021 | D:2      | Reached XP level 3. HP: 26/26 MP: 3/6
  1162 | D:2      | Found an ornate altar of the Wu Jian Council.
  1177 | D:2      | Reached skill level 4 in Dodging
  1639 | D:3      | Found a sparkling altar of Nemelex Xobeh.
  1869 | D:3      | Found a snail-covered altar of Cheibriados.
  1935 | D:3      | Reached skill level 1 in Air Magic
  1935 | D:3      | Reached XP level 4. HP: 33/33 MP: 8/8
  1950 | D:3      | Reached skill level 1 in Conjurations
  2284 | D:4      | Noticed Eustachio
  2303 | D:3      | Killed from afar by a white imp

Illustrated notes

Levels and vault maps discovered:
D:1:      minmay_arrival_cross, layout_basic, serial_shops,
          nicolae_shop_hallway_stairs, ebering_ecumenical_altar_sacrificial
D:2:      layout_basic, basic_altar
D:3:      layout_loops_ring, nemelex_spade_bored_becter, kennysheep_slug_shrine,
          hex_large
D:4:      layout_loops_ring, mainiacjoe_overflow_alcove_2,
          mainiacjoe_overflow_catwalk, uniq_eustachio, uniq_ijyb

Skill      XL: |  1  2  3  4 |
---------------+-------------+-----
Throwing       | 2 |  2.0
Dodging        | 4 |  4.0
Summonings     | 2 |  2.0
Air Magic      | 1 |  1.0
Conjurations   | 1 |  1.0
Spellcasting   | |  2.7
Evocations     | |  1.0

Action                     |  1- 3 |  4- 6 || total
---------------------------+-------+-------++-------
  Melee: Dagger            |   146 |    17 ||   163
         Tailslap          |    15 |     4 ||    19
   Cast: Summon Small Mamm |    21 |     6 ||    27
   Stab: Sleeping          |     2 |       ||     2
         Distracted        |     1 |     1 ||     2
 Armour: Skin              |    78 |    13 ||    91
  Dodge: Dodged            |   124 |    14 ||   138
